 Dungeon Crawl Stone Soup version 0.30-a0-743-gbfdf073431 (webtiles) character file.

Game seed: 15570835455514325041

16160 Lavandula the Carver (level 12, 0/86 HPs)
             Began as a Human Monk on Feb 7, 2023.
             Was a Believer of Elyvilon.
             Slain by a very large slime creature (29 damage)
             ... in an ice cave.
             The game lasted 00:28:43 (12421 turns).

Lavandula the Carver (Human Monk)                  Turns: 12421, Time: 00:28:43

Health: 0/86       AC: 20    Str: 15    XL:     12   Next: 66%
Magic:  19/19      EV:  9    Int: 18    God:    Elyvilon [**....]
Gold:   271        SH:  0    Dex: 16    Spells: 11/11 levels left

rFire   x . .      SeeInvis .    w - +2 falchion of Compulsion {venom, Drain Int+4 Stlth+}
rCold   + . .      Faith    .    M - orb {*Rage}
rNeg    . . .      Spirit   .    o - +0 chain mail
rPois   +          Reflect  .    (no helmet)
rElec   .          Harm     .    L - +1 cloak
rCorr   .          Rampage  .    l - +2 pair of gloves
Will    .....      Rage     20%  (no boots) Stlth
                                 (no amulet)
HPRegen 0.34/turn                d - ring of ice
MPRegen 0.16/turn                g - +4 ring of protection

@: on berserk cooldown, hasted and slowed
A: clever 1, sense surroundings 1, poison resistance
a: Renounce Religion, Purification, Heal Other


You were in an ice cave.
You worshipped Elyvilon.
Elyvilon was pleased with you.
You visited 2 branches of the dungeon, and saw 12 of its levels.
You also visited: Ice Cave.

You collected 727 gold pieces.
You spent 456 gold pieces at shops.

Inventory:

Hand Weapons
 a - a +0 falchion
 q - a +1 dagger of pain
 w - the +2 falchion of Compulsion (weapon) {venom, Drain Int+4 Stlth+}
   (You found it on level 6 of the Dungeon)

   Int:       It affects your intelligence (+4).
   Drain:     It drains your maximum health when unequipped.
   Stlth:     It makes you more stealthy.
 y - a +1 dagger of speed
 C - a +2 dagger of protection
 J - a +2 short sword of venom
Missiles
 e - 24 poisoned darts
 k - 2 javelins
 A - a throwing net
 D - 2 boomerangs
 G - 5 datura-tipped darts (quivered)
Armour
 b - a +0 robe
 l - a +2 pair of gloves (worn)
 o - a +0 chain mail (worn)
 I - a +0 kite shield
 L - a +1 cloak (worn)
 M - an orb of wrath (worn)
Jewellery
 d - a ring of ice (left hand)
 g - a +4 ring of protection (right hand)
 z - a ring of see invisible
 H - a +5 ring of evasion
 P - a ring of positive energy
Wands
 x - a wand of digging (2)
Scrolls
 j - 3 scrolls of vulnerability
 p - 2 scrolls of amnesia
 s - a scroll of brand weapon
 F - a scroll of enchant weapon
 K - a scroll of teleportation {unknown}
 N - a scroll of silence {unknown}
Potions
 f - 3 potions of degeneration {unknown}
 h - 2 potions of flight {unknown}
 i - a potion of resistance
 m - 5 potions of curing
 r - a potion of brilliance
 u - 2 potions of attraction {unknown}
 v - 3 potions of mutation
 E - a potion of invisibility {unknown}
Miscellaneous
 c - a phial of floods (inert)


   Skills:
 - Level 5.4 Fighting
 - Level 5.8(10.7) Short Blades
 - Level 13.9(14.4) Long Blades
 - Level 6.6 Armour
 + Level 6.1 Dodging
 - Level 2.0 Stealth
 - Level 9.7 Invocations


You had 11 spell levels left.
You didn't know any spells.
Your spell library contained the following spells:

 Spells                   Type           Power      Damage    Failure   Level
 Magic Dart               Conj           0%         1d3       98%         1
 Call Imp                 Summ           0%         N/A       99%         2
 Ensorcelled Hibernation  Hex/Ice        0%         N/A       99%         2
 Sublimation of Blood     Necr           0%         N/A       99%         2
 Wereblood                Tmut           0%         N/A       99%         2
 Call Canine Familiar     Summ           0%         N/A       100%        3
 Ignite Poison            Fire/Tmut/Pois 0%         N/A       100%        3
 Kindle Blastsparks       Fire/Tloc/Air  0%         2d10      100%        3
 Mephitic Cloud           Conj/Pois/Air  0%         N/A       100%        3
 Portal Projectile        Hex/Tloc       0%         N/A       100%        3
 Spider Form              Tmut/Pois      0%         N/A       100%        3
 Summon Guardian Golem    Hex/Summ       0%         N/A       100%        3
 Airstrike                Air            0%         2d(0-16)  100%        4
 Anguish                  Hex/Necr       0%         N/A       100%        4
 Leda's Liquefaction      Hex/Erth       0%         N/A       100%        4
 Summon Ice Beast         Ice/Summ       0%         N/A       100%        4
 Summon Lightning Spire   Summ/Air       0%         N/A       100%        4
 Freezing Cloud           Conj/Ice/Air   0%         6-21      100%        5
 Metabolic Englaciation   Hex/Ice        0%         N/A       100%        5
 Simulacrum               Ice/Necr       0%         N/A       100%        6
 Summon Cactus Giant      Summ           0%         N/A       100%        6
 Monstrous Menagerie      Summ           0%         N/A       100%        7
 Storm Form               Tmut/Air       0%         N/A       100%        7
 Summon Hydra             Summ           0%         N/A       100%        7
 Maxwell's Capacitive Co  Air            0%         ∞         100%        8
 Chain Lightning          Conj/Air       0%         N/A       100%        9
 Fire Storm               Conj/Fire      0%         5d1       100%        9
 Polar Vortex             Ice            0%         N/A       100%        9
 Shatter                  Erth           0%         3d5*      100%        9


Dungeon Overview and Level Annotations

Branches:
Dungeon (11/15)            Temple (1/1) D:4            Lair (0/5) D:8
    Orc (0/2) D:11          IceCv (1/1)

Altars:
Ashenzari
Cheibriados
Dithmenos
Elyvilon
Fedhas
Gozag
Hepliaklqana
Kikubaaqudgha
Nemelex Xobeh
Okawaru
Qazlal
Ru
Sif Muna
Trog
Uskayaw
Vehumet
Wu Jian
Xom
Yredelemnul
Zin
The Shining One

Shops:
D:2 !   D:8 *

Annotations:
D:4 2 runed translucent doors
D:10 Josephine


Innate Abilities, Weirdness & Mutations

Your mind is acute. (Int +4, Str/Dex -1)
You passively map a small area around you.
Your system is resistant to poisons. (rPois)


Message History

Press: ? - help, Dir - move target, f - large slime creature Heal: a large slime creature (lightly wounded, very poisoned, mindless) Aim the phial where?
Press: ? - help, Shift-Dir - straight line, f - large slime creature
Aim: a large slime creature (lightly wounded, very poisoned)
The torrent of water hits the large slime creature.
The large slime creature is lightly wounded.
The wave splashes down.
Splash!
You fall into the shallow water.
Moving in this stuff is going to be slow.
A large slime creature splits.
The slime creature barely misses you.
The slime creature attacks as you move away!
The slime creature hits you.
The slime creature hits you but does no damage.
Two slime creatures merge to form a large slime creature.
The slime creature hits you but does no damage.
You hit the large slime creature.
The large slime creature looks as sick as possible!
The large slime creature is lightly wounded.
The slime creature hits you but does no damage.
You hit the large slime creature.
The large slime creature is lightly wounded.
Two slime creatures merge to form a very large slime creature.
The slime creature hits you!
You hit the very large slime creature.
The very large slime creature is lightly wounded.
The slime creature hits you.
You slash the very large slime creature!
The very large slime creature looks as sick as possible!
The very large slime creature is moderately wounded.
The very large slime creature hits you!!!
Elyvilon protects you from harm! The slime creature hits you.
Okay, then.
Okay, then.
Okay, then.
You feel yourself speed up.
The very large slime creature hits you!!
You die...

#...., #..##....#..##
#... ,##..##...##..##
#..#, ,#...##...#)..#.
#..# ,##...##..##.)##.
#..## #....##..##.##..
#...# #....##..####...
#..~###...###...##...#
##~.J#...## #....#..##
#..J@...# #.......#
##......# ##......#
#.....## #.....##
##...## ##...## #####
#####


You could see a very large slime creature (extremely poisoned) and a slime
creature (poisoned).

Vanquished Creatures
  A centaur warrior (D:10)
  2 two-headed ogres (D:8)
  An elephant (D:8)
  2 ice statues (IceCv)
  2 unseen horror zombies (D:10)
  2 ice devils (D:11)
  An unseen horror skeleton (D:10)
  A hornet (D:8)
  A flying skull (D:10)
  20 slime creatures (IceCv)
  2 wyverns
  14 yaks
  2 wraiths (D:10)
  2 basilisks (D:8)
  Grum (D:9)
  A water moccasin (D:9)
  An acid dragon (D:10)
  3 orc warriors
  An ice beast (D:7)
  3 great orb of eyes simulacra (IceCv)
  A black bear (D:4)
  2 wolves (D:9)
  An ogre (D:6)
  2 centaurs (D:9)
  A phantom (D:4)
  Blork the orc (D:5)
  3 slime creature simulacra (IceCv)
  2 bullfrogs
  2 kobold brigands
  7 scorpions
  2 necrophages
  2 gnoll sergeants
  4 glowing shapeshifter simulacra (IceCv)
  10 wights
  5 killer bees (D:9)
  4 howler monkeys
  2 jellies (D:6)
  7 orc priests
  4 hounds
  2 iguanas
  4 shapeshifter simulacra (IceCv)
  9 orc wizards
  2 human simulacra (D:10)
  7 adders
  8 gnolls
  2 shadow imps (D:6)
  3 white imps
  5 worms
  A dart slug (D:2)
  46 orcs
  7 ball pythons
  11 endoplasms
  3 giant cockroaches
  9 hobgoblins
  A jackal (D:2)
  17 kobolds
  9 quokkas
  6 bats
  4 frilled lizards
  4 goblins
  4 rats
289 creatures vanquished.

Vanquished Creatures (others)
  A centaur zombie (D:10)
  A flying skull (D:10)
  A butterfly (D:4)
3 creatures vanquished.

Grand Total: 292 creatures vanquished

Notes
Turn   | Place    | Note
-------+----------+-------------------------------------------
     0 | D:1      | Lavandula the Human Monk began the quest for the Orb.
     0 | D:1      | Reached XP level 1. HP: 18/18 MP: 1/1
    93 | D:1      | Got the Book of Airy Frostbite
   222 | D:1      | Reached XP level 2. HP: 19/24 MP: 2/2
   805 | D:2      | Found Koakhute's Distillery.
   816 | D:2      | Bought a potion of curing for 30 gold pieces
   833 | D:2      | Reached skill level 4 in Long Blades
   833 | D:2      | Reached XP level 3. HP: 29/29 MP: 3/3
   965 | D:2      | Found an ancient bone altar of Kikubaaqudgha.
   984 | D:2      | Reached skill level 5 in Long Blades
   984 | D:2      | Reached XP level 4. HP: 23/35 MP: 4/4
  1349 | D:2      | Reached XP level 5. HP: 39/41 MP: 5/5
  1706 | D:3      | Reached skill level 6 in Long Blades
  1712 | D:3      | HP: 2/41 [poisoned by a scorpion]
  1966 | D:2      | Bought a potion of heal wounds for 50 gold pieces
  1966 | D:2      | Bought a potion of brilliance for 40 gold pieces
  2021 | D:3      | Got the Codex of the Mob
  2094 | D:2      | Bought a potion of mutation for 80 gold pieces
  2094 | D:2      | Gained mutation: Your natural rate of healing is unusually
                  | fast. [potion of mutation]
  2094 | D:2      | Lost mutation: Your natural rate of healing is unusually
                  | fast. [potion of mutation]
  2241 | D:3      | Reached XP level 6. HP: 22/47 MP: 6/6
  2553 | D:4      | Found a large runed translucent door.
  2626 | D:4      | Found a sparkling altar of Nemelex Xobeh.
  2633 | D:4      | Found a bloodstained altar of Trog.
  2818 | D:4      | Found a staircase to the Ecumenical Temple.
  2891 | D:4      | Reached XP level 7. HP: 47/52 MP: 7/7
  2893 | Temple   | Entered the Ecumenical Temple
  3175 | D:4      | Found a large runed translucent door.
  3210 | D:4      | Found a white marble altar of Elyvilon.
  3237 | D:4      | Became a worshipper of Elyvilon the Healer
  3237 | D:4      | Reached * piety under Elyvilon
  3237 | D:4      | Reached ** piety under Elyvilon
  3472 | D:2      | Bought a potion of haste for 100 gold pieces
  3560 | D:5      | Entered Level 5 of the Dungeon
  3579 | D:5      | Reached skill level 5 in Short Blades
  3909 | D:5      | Noticed Blork the orc
  3913 | D:5      | Reached XP level 8. HP: 40/58 MP: 8/8
  3972 | D:5      | Reached skill level 1 in Invocations
  4115 | D:6      | Identified the +2 falchion of Compulsion {venom, Drain
                  | Int+4 Stlth+}
  4170 | D:5      | Killed Blork the orc
  4171 | D:5      | Reached skill level 7 in Long Blades
  4793 | D:6      | Reached skill level 8 in Long Blades
  5031 | D:6      | Reached XP level 9. HP: 34/62 MP: 10/10
  5278 | D:6      | Reached *** piety under Elyvilon
  5290 | D:6      | Reached skill level 9 in Long Blades
  5760 | D:7      | Reached skill level 10 in Long Blades
  5964 | D:7      | Found a hide-covered altar of Uskayaw.
  6041 | D:7      | Identified a scroll of acquirement
  6042 | D:7      | Acquired a ring of see invisible
  6405 | D:7      | You fall into a shaft and drop 2 floors!
  6696 | D:8      | Reached skill level 11 in Long Blades
  6903 | D:8      | Noticed a two-headed ogre
  6913 | D:8      | HP: 1/63 [two-headed ogre/+0 giant club (14)]
  6914 | D:8      | Killed a two-headed ogre
  6915 | D:8      | Reached skill level 12 in Long Blades
  6915 | D:8      | Reached XP level 10. HP: 18/70 MP: 6/11
  7102 | D:8      | Noticed a two-headed ogre
  7115 | D:8      | Killed a two-headed ogre
  7204 | D:8      | Reached skill level 13 in Long Blades
  7251 | D:8      | Found Feufiase's General Store.
  7256 | D:8      | Bought a potion of resistance for 120 gold pieces
  7256 | D:8      | Bought a potion of lignification for 36 gold pieces
  7554 | D:8      | Found a staircase to the Lair.
  7554 | D:8      | Noticed an elephant
  7619 | D:8      | Killed an elephant
  8332 | D:9      | Reached XP level 11. HP: 73/75 MP: 14/14
  8336 | D:9      | Reached skill level 5 in Invocations
  8697 | D:9      | Found a shadowy altar of Dithmenos.
  8716 | D:9      | Noticed Grum
  8762 | D:9      | Killed Grum
  9636 | D:10     | Entered Level 10 of the Dungeon
  9683 | D:10     | Noticed a centaur warrior
  9703 | D:10     | Killed a centaur warrior
 10490 | D:10     | Reached skill level 5 in Fighting
 10522 | D:10     | Reached skill level 1 in Armour
 10533 | D:10     | Noticed Josephine
 10543 | D:10     | Reached XP level 12. HP: 33/86 MP: 16/19
 10710 | D:11     | Found a frozen archway.
 10816 | IceCv    | Entered an ice cave
 10819 | IceCv    | Gained mutation: Your system is resistant to poisons.
                  | (rPois) [potion of mutation]
 10819 | IceCv    | Gained mutation: Your mind is acute. (Int +4, Str/Dex -1)
                  | [potion of mutation]
 10819 | IceCv    | Gained mutation: You passively map a small area around you.
                  | [potion of mutation]
 11186 | IceCv    | Reached skill level 5 in Armour
 12239 | IceCv    | Reached skill level 5 in Dodging
 12420 | IceCv    | Elyvilon protects you from harm!
 12421 | IceCv    | Slain by a very large slime creature

Illustrated notes

Levels and vault maps discovered:
D:1:      shiori_arrival_whats_in_store_for_you, layout_basic,
          minmay_misc_feat_secret_circle
D:2:      layout_loops_ring, serial_shops, nicolae_shop_statue_plus,
          basic_altar, st_stairs_14, minmay_circle_x
D:3:      layout_basic, minmay_increasing_density
D:4:      layout_basic, jmf_multi_god_temple, nicolae_elyvilon_peaceful_grove,
          jmf_multi_god_temple2
D:5:      layout_rooms, lightli_minifort, uniq_blork_the_orc
D:6:      layout_layer_cave
D:7:      layout_loops_ring, kennysheep_mini, minmay_misc_feat_cross,
          kennysheep_generic_room_7, uniq_crazy_yiuf_cottage
D:8:      layout_loops_ring, david_lair_generic, special_room
          [special_room_orc], serial_shops, shop, david_defended_altar_orc
D:9:      layout_grid_maze, nicolae_dithmenos_shadow_blocks, uniq_grum
D:10:     hangedman_screamer, layout_basic, bh_circular_ruins
D:11:     layout_irregular_city, orc_0_dummy, serial_glass, glass_columns_b,
          glass_columns_a, portal_ice_cave_demonic_guard, uniq_josephine,
          uniq_erolcha
Temple:   bh_familiar_temple
IceCv:    ice_cave_hellmonk_azure_passage

Skill      XL: |  1  2  3  4  5  6  7  8  9 10 11 12 |
---------------+-------------------------------------+-----
Long Blades    | 4 5 6 8 12 13 | 13.9
Short Blades   | 3 5 |  5.8
Invocations    | 2 4 9 |  9.7
Fighting       | 5 |  5.4
Armour         | 2 6 |  6.6
Dodging        | 6 |  6.1
Stealth        | |  2.0

Action                     |  1- 3 |  4- 6 |  7- 9 | 10-12 || total
---------------------------+-------+-------+-------+-------++-------
  Melee: Falchion          |    67 |   193 |   439 |   823 ||  1522
         Punch             |     2 |     6 |     5 |     9 ||    22
         Dagger            |       |    15 |       |       ||    15
  Throw: Dart              |       |     2 |     5 |    14 ||    21
         Boomerang         |       |       |     8 |    10 ||    18
 Invoke: Heal Self         |       |       |     4 |     9 ||    13
         Heal Other        |       |       |       |     5 ||     5
  Evoke: Wand              |       |       |       |     3 ||     3
         Phial of floods   |       |       |       |     1 ||     1
    Use: Scroll            |     3 |     2 |     7 |     4 ||    16
         Potion            |       |     3 |       |     6 ||     9
   Stab: Sleeping          |     4 |     2 |       |       ||     6
 Armour: Robe              |    20 |    20 |       |       ||    40
         Chain mail        |       |    57 |   177 |   299 ||   533
         Skin              |       |       |       |    57 ||    57
  Dodge: Dodged            |    41 |   104 |   154 |   298 ||   597

Table legend: (Time is in decaauts)
 A = Elapsed time spent in this place.
 B = Non-inter-level travel time spent in this place.
 C = Inter-level travel time spent in this place.
 D = Time resting spent in this place.
 E = Time spent auto-exploring this place.
 F = Levels seen in this place.
 G = Mean time per level.
                   A        B        C        D        E       F      G
               +--------+--------+--------+--------+--------+-----+--------+
         Total |  12167 |  11732 |    435 |   2862 |   6428 |  13 |  935.9 |
       Dungeon |  10337 |   9923 |    414 |   1847 |   6001 |  11 |  939.7 |
        Temple |    213 |    192 |     21 |      0 |    189 |   1 |  213.0 |
      Ice Cave |   1617 |   1617 |      0 |   1014 |    238 |   1 | 1617.0 |
               +--------+--------+--------+--------+--------+-----+--------+

Top non-repeatable levels by time:
     D:8: 1626 daAuts
   IceCv: 1617 daAuts
     D:9: 1387 daAuts
     D:5: 1032 daAuts
     D:2: 984 daAuts
     D:6: 980 daAuts
    D:10: 844 daAuts
     D:4: 837 daAuts
     D:7: 825 daAuts
     D:3: 802 daAuts
     D:1: 769 daAuts
    D:11: 247 daAuts
  Temple: 213 daAuts
